Hadachi, lawful male human Samurai .G..|. .@.... ..)|...| -..)------- ..........| -...---.--- |...|. ---... |.<. ---- Hadachi the Ronin Experience level: 3 Strength: 17 Dexterity: 15 Constitution: 17 Intelligence: 10 Wisdom: 9 Charisma: 8 Health: 0(30) Energy: 11(11) Def: 9 Gold: 389 Moves: 1685 Dungeon seed: LDePZeZIyO1GHJSo Game ID: Hadachi_1568392011 Your Inventory: Coins $ - 389 gold pieces Weapons a - a +0 katana (weapon in hand) b - a +0 wakizashi (alternate weapon; not wielded) c - a +0 yumi d - 44 +0 ya (in quiver) t - a +0 shito Armor e - an uncursed rustproof +0 splint mail (being worn) n - a cursed +0 orcish helm (being worn) z - an uncursed +0 dwarvish cloak (being worn) D - an uncursed +0 dwarvish iron helm E - an uncursed +0 pair of iron shoes (being worn) Scrolls v - an uncursed scroll of remove curse Spellbooks w - an uncursed spellbook of restore ability A - an uncursed spellbook of invisibility Potions i - an uncursed potion of full healing j - an uncursed potion of water B - a blessed potion of sickness C - a blessed potion of see invisible Tools s - a magic marker (0:67) u - a fire horn (0:5) Gems q - an uncursed worthless piece of blue glass r - an uncursed worthless piece of white glass y - an uncursed worthless piece of orange glass N - 2 uncursed citrine stones Y - 2 uncursed amber stones Spells and supernatural/magical abilities: Name Level Category Fail Memory R - restore ability 4 healing 100% 99% W - pray for help -- divine ? -- Your skills at the end: Fighting Skills martial arts [Basic] Weapon Skills short sword [Basic] long sword [Basic] bow [Basic] Spellcasting Skills Final Attributes: You were piously aligned. You were fast. You are dead. Vanquished creatures: a shrieker a dwarf a homunculus a yellow mold 2 gnomes 8 jackals a fox 2 goblins a sewer rat 2 grid bugs a lichen a kobold zombie 6 newts 28 creatures vanquished. Voluntary challenges: You followed a strict vegan diet. You used a wielded weapon 28 times, starting on turn 20. You read items or engraved 17 times, starting on turn 25. You never genocided any monsters. You never polymorphed an object. You never changed form. You used no wishes. You never split a pudding. You never wrote Elbereth's name. You never violated your personal moral code. Dungeon overview: The Dungeons of Doom: levels 1 to 4 Level 1 an altar to Amaterasu Omikami a long staircase Level 2 a general store, a fountain Level 3 some fountains, a sink Level 4 stairs to The Gnomish Mines The Gnomish Mines: Level 5 <- You were here stairs to The Dungeons of Doom History has recorded: On T:1 you entered the Dungeons of Doom to retrieve the Amulet of Yendor! On T:422 you reached level 2 of The Dungeons of Doom. On T:1181 you advanced to experience level 2. On T:1241 you reached level 3 of The Dungeons of Doom. On T:1509 you reached level 4 of The Dungeons of Doom. On T:1654 you reached level 1 of The Gnomish Mines. On T:1670 you advanced to experience level 3. Score breakdown: Gold: 389 ( 8813 points) Experience: 3 levels ( 7878 points) Exploration: 5 levels ( 10.64%) ( 8846 points) Discoveries: 3 items ( 1.22%) ( 3312 points) Valuables value: (no points given unless you survive) Artifact value: 0 ( 0 points) Variety of kills: 13 monsters ( 3.41%) ( 5541 points) Turncount: 1685 turns ( 0 points) Survival: died (score multiplied by 80%) Total score: 27512 Latest messages: Never mind. You are already wearing your splint mail. You start equipping your pair of iron shoes. You are now wearing a pair of iron shoes. It is missed. (2x) It is hit. The gnome swings her crossbow. The gnome hits! You miss the gnome. The gnome swings her crossbow. The gnome hits! (2x) You kill the gnome! (2x) You see here 5 candles. You hit the gnome king! The gnome king hits! You miss the gnome king. You hit the gnome king! (2x) The gnome king hits! You die... Final status: Sayonara Hadachi the Samurai, killed by a gnome king... You died in The Gnomish Mines on dungeon level 5 with 27512 points, and 389 pieces of gold, after 1685 moves. You were level 3 with a maximum of 30 hit points when you died.